 Dungeon Crawl Stone Soup version 0.31.0-9-g3a7656b989 (webtiles) character file.

Game seed: 6836480777647777661

181 qw the Skirmisher (level 5, -4/29 HPs)
             Began as a Deep Elf Hunter on Feb 2, 2024.
             Incinerated by a bombardier beetle (5 damage)
             ... with a burning spray
             ... on level 3 of the Dungeon.
             The game lasted 00:00:09 (2230 turns).

qw the Skirmisher (Deep Elf Hunter)                 Turns: 2230, Time: 00:00:10

Health: -4/29      AC:  5    Str: 10    XL:     5   Next: 34%
Magic:  7/7        EV: 16    Int: 14    God:
Gold:   223        SH:  0    Dex: 18    Spells: 4/4 levels left

rFire   . . .        a - +0 shortbow
rCold   . . .        (shield currently unavailable)
rNeg    . . .        l - +0 ring mail
rPois   .            (no helmet)
rElec   .            (no cloak)
rCorr   .            (no gloves)
SInv    .            (no boots)
Will    .....        (no amulet)
Stlth   +            g - +5 ring of evasion
HPRegen 0.24/turn    (no ring)
MPRegen 0.10/turn

%: no passive effects
@: on fire, glowing
A: no striking features
a: no special abilities


You were on level 3 of the Dungeon.
You visited 1 branch of the dungeon, and saw 4 of its levels.

You collected 223 gold pieces.


   Skills:
 - Level 1.5 Fighting
 + Level 8.8 Ranged Weapons
 - Level 2.4 Dodging
 - Level 1.2 Stealth


You had 4 spell levels left.
You didn't know any spells.
Your spell library was empty.

Inventory:

Hand Weapons
 a - a +0 shortbow (weapon)
Armour
 l - a +0 ring mail (worn)
Jewellery
 g - a +5 ring of evasion (left hand)
Potions
 d - a potion of resistance
 f - a potion of attraction {unknown}
 h - a potion of haste {unknown}
 i - a potion of heal wounds {unknown}
 m - a potion of curing {unknown}

Dungeon Overview and Level Annotations

Branches:
Dungeon (4/15)
 Temple: D:4-7

Altars:
Elyvilon
Gozag
Kikubaaqudgha
Qazlal
Yredelemnul
Zin


Message History

The goblin completely misses you.
You climb upwards.
There is a stone staircase leading down here.
You shoot an arrow. The arrow hits the goblin!
You kill the goblin!
You climb downwards.
An adder comes into view.
There is a stone staircase leading up here.
You shoot an arrow.
The arrow barely misses the bombardier beetle.
The adder hisses angrily.
You shoot an arrow. The arrow hits the bombardier beetle.
The bombardier beetle is lightly wounded.
You shoot an arrow. The arrow hits the bombardier beetle!
The bombardier beetle is severely wounded.
The adder bites you.
2224 ||| STAIRDANCE The bombardier beetle sprays incendiary fluid at you.
The burning spray hits you.
You are covered in liquid fire!
The adder closely misses you.
You shake off some of the fire as you move.
You climb upwards.
The liquid fire burns you!
There is a stone staircase leading down here.
You shoot an arrow. The arrow hits the adder.
The adder is severely wounded.
The liquid fire burns you! The adder barely misses you.
You shoot an arrow. The arrow misses the adder.
The liquid fire burns you! The adder misses you.
The adder bites you but does no damage.
You shoot an arrow. The arrow hits the adder!
You kill the adder!
The liquid fire burns you!
You are on fire!
The liquid fire burns you!
You are on fire!
The liquid fire burns you!
You die...

###.....# ##.......###
##..#....<..#
##..##.......#
###..###.......#
####...## ####....#
#####....### #....#
......#### ###....#
(...### #####@.....#
.....#######....)..<..#
..[...........#.......#
.......########.##....#
.....###........##.####
.......#.#########.#
.........# #.##
.<.......# #..#
.......#.##### ##.#


There were no monsters in sight!

Vanquished Creatures
  Jessica (D:2)
  An orc wizard (D:3)
  3 gnolls (D:2)
  3 adders (D:3)
  A shadow imp (D:3)
  2 dart slugs
  A ribbon worm (D:2)
  2 orcs (D:3)
  7 bats
  4 endoplasms
  3 giant cockroaches
  2 goblins (D:3)
  5 hobgoblins
  7 jackals (D:1)
  3 kobolds
  A quokka (D:1)
  8 ball pythons
  2 frilled lizards
  2 rats
58 creatures vanquished.

Notes
Turn   | Place    | Note
-------+----------+-------------------------------------------
     0 | D:1      | qw the Deep Elf Hunter began the quest for the Orb.
     0 | D:1      | Reached XP level 1. HP: 12/12 MP: 3/3
     0 | D:1      | 0 ||| qw: Version: 0.3-a-155-g5e7d8dd
     0 | D:1      | 0 ||| qw: Game counter: 238
     0 | D:1      | 0 ||| qw: Melee chars always use a shield: true
     0 | D:1      | 0 ||| qw: God list: Okawaru
     0 | D:1      | 0 ||| qw: Allow faded altars: false
     0 | D:1      | 0 ||| qw: Do Orc after clearing Dungeon:15 true
     0 | D:1      | 0 ||| qw: Do second Lair branch before Depths: true
     0 | D:1      | 0 ||| qw: Lair rune preference: random
     0 | D:1      | 0 ||| qw: Goals: Normal
     0 | D:1      | 0 ||| PLANNING D:1-11
    68 | D:1      | Reached XP level 2. HP: 16/16 MP: 4/4
    91 | D:1      | Reached skill level 6 in Ranged Weapons
   828 | D:1      | 828 ||| UPGRADING to +5 ring of evasion.
   829 | D:1      | 829 ||| READING scroll labelled CIDGHAM BECLUFF.
   830 | D:1      | 830 ||| READING scroll labelled DEPHOL YZOSO.
   830 | D:1      | 830 ||| IDENTIFYING bubbling pink potion
   831 | D:1      | 831 ||| DROPPING scroll of butterflies.
   863 | D:2      | 863 ||| STAIRDANCE
   886 | D:2      | 886 ||| STAIRDANCE
   898 | D:1      | HP: 4/16 [jackal (1)]
   903 | D:1      | HP: 2/16 [giant cockroach (2)]
   909 | D:1      | Reached XP level 3. HP: 3/20 MP: 5/5
   909 | D:1      | HP: 2/20 [giant cockroach (1)]
  1016 | D:2      | 1016 ||| RETREEEEATING.
  1025 | D:2      | Reached skill level 7 in Ranged Weapons
  1027 | D:2      | HP: 5/20 [gnoll/+0 halberd (15)]
  1030 | D:2      | HP: 2/20 [gnoll/+0 halberd (3)]
  1248 | D:2      | Reached XP level 4. HP: 25/25 MP: 6/6
  1287 | D:2      | Found a glowing silver altar of Zin.
  1382 | D:2      | Noticed Jessica
  1387 | D:2      | Killed Jessica
  1539 | D:2      | 1539 ||| UPGRADING to +0 ring mail.
  1549 | D:2      | 1549 ||| DROPPING +0 leather armour.
  1550 | D:2      | 1550 ||| READING scroll of identify.
  1550 | D:2      | 1550 ||| IDENTIFYING black potion
  1551 | D:2      | 1551 ||| READING scroll labelled KOXTYO MYSSEOSK.
  1552 | D:2      | 1552 ||| READING scroll labelled UDAHIO LUEGGI.
  1553 | D:2      | 1553 ||| DROPPING potion of degeneration.
  1555 | D:2      | 1555 ||| Stepping ~*~*~tactically~*~*~ (cloud).
  1561 | D:2      | HP: 6/25 [poisoned by you (poison gas)]
  1688 | D:3      | Reached skill level 8 in Ranged Weapons
  1835 | D:3      | Found an ancient bone altar of Kikubaaqudgha.
  1842 | D:3      | Found an opulent altar of Gozag.
  1845 | D:3      | Found a stormy altar of Qazlal.
  1845 | D:3      | Found a white marble altar of Elyvilon.
  1852 | D:3      | Found a basalt altar of Yredelemnul.
  1891 | D:3      | Reached XP level 5. HP: 29/29 MP: 7/7
  2043 | D:3      | 2043 ||| DROPPING ring of magical power.
  2044 | D:3      | 2044 ||| READING scroll labelled KAEK CEISANG.
  2145 | D:3      | 2145 ||| READING scroll labelled JEOMAS JAAMEOS.
  2146 | D:3      | 2146 ||| READING scroll labelled JEAKUQ EWEONKI.
  2147 | D:3      | 2147 ||| READING scroll labelled WAR CIREUBBAE.
  2150 | D:3      | 2150 ||| READING scroll labelled KIFOSI KUNUNOU.
  2163 | D:4      | 2163 ||| STAIRDANCE
  2216 | D:4      | 2216 ||| STAIRDANCE
  2224 | D:4      | 2224 ||| STAIRDANCE
  2228 | D:3      | HP: 6/29 [burnt (4)]
  2229 | D:3      | HP: 1/29 [burnt (5)]
  2230 | D:3      | Incinerated by a bombardier beetle

Levels and vault maps discovered:
D:1:      kennysheep_arrival_seaside, layout_basic, reono_crystal_passage
D:2:      layout_rooms, basic_altar, uniq_jessica
D:3:      layout_rooms, nicolae_overflow_hallway_of_the_gods
D:4:      layout_rooms, nicolae_dithmenos_the_darkroom, ebering_ghost_sewer_d,
          nicolae_shop_overcharged_wands

Skill      XL: |  1  2  3  4 |
---------------+-------------+-----
Ranged Weapons | 6 7 8 |  8.8
Fighting       | |  1.5
Dodging        | |  2.4
Stealth        | |  1.2

Action                     |  1- 3 |  4- 6 || total
---------------------------+-------+-------++-------
   Fire: Shortbow          |   108 |    77 ||   185
    Use: Scroll            |     2 |     8 ||    10
 Armour: Leather armour    |    29 |     1 ||    30
         Ring mail         |       |    12 ||    12
  Dodge: Dodged            |   121 |    19 ||   140

Table legend:
 A = Non-vault XP
 B = Vault XP
 C = Vault XP percentage of total XP
 D = Non-vault monster count
 E = Vault monster count
 F = Vault count percentage of total count
                 A         B        C        D         E       F
            +---------+---------+-------+---------+---------+-------
      Total |     222 |      37 |  14.3 |      57 |       1 |   1.7
            +---------+---------+-------+---------+---------+-------
        D:1 |      44 |       0 |   0.0 |      23 |       0 |   0.0
        D:2 |      67 |      37 |  35.6 |      15 |       1 |   6.2
        D:3 |     111 |       0 |   0.0 |      19 |       0 |   0.0
            +---------+---------+-------+---------+---------+-------
